[Event "ICCopen2016"]
[Site "Internet Chess Club"]
[Date "2016.06.04"]
[Round "7"]
[White "VrloJakMK"]
[Black "oskarito"]
[Result "1-0"]
[ICCResult "Black resigns"]
[WhiteElo "2219"]
[BlackElo "2417"]
[Opening "Benkö gambit accepted"]
[ECO "A58"]
[NIC "BI.41"]
[Time "15:10:35"]
[TimeControl "180+0"]

1. d4 Nf6 2. c4 c5 3. d5 b5 4. cxb5 a6 5. bxa6 g6 6. Nc3 Bxa6 7. g3 Bg7 8.
Nh3 d6 9. Nf4 Nbd7 10. h4 h5 11. Bh3 Ne5 12. Qc2 O-O 13. O-O Qa5 14. Bd2
Rfb8 15. Ne4 Qb5 16. Nxf6+ Bxf6 17. Bc3 Bb7 18. Rfd1 Qc4 19. a3 Ba6 20. Rac1
Qb3 21. Qb1 Bc8 22. Be6 fxe6 23. Bxe5 dxe5 24. Qxg6+ Kf8 25. dxe6 Bxe6 26.
Nxe6+ Qxe6 27. Qxh5 Qf7 28. Qf3 c4 29. Rd7 Rd8 30. Rcd1 Rxd7 31. Qxa8+ Qe8
32. Qxe8+ Kxe8 33. Rxd7 Kxd7 34. e4 e6 35. Kf1 Be7 36. Ke2 Bc5 37. Kd2 Bd4
38. Kc2 Bxf2 39. h5 Ke7 40. g4 Kf6 41. Kc3 Bd4+ 42. Kxc4 Bxb2 43. a4 Kg5 44.
a5 Bd4 45. a6 Kxg4 46. h6 Kf4 47. h7 Kxe4 48. h8=Q {Black resigns} 1-0

[Event "ICCopen2016"]
[Site "Internet Chess Club"]
[Date "2016.06.04"]
[Round "7"]
[White "dhar2603"]
[Black "waynehatcher"]
[Result "0-1"]
[ICCResult "White forfeits on time"]
[WhiteElo "1790"]
[BlackElo "1601"]
[Opening "English: Caro-Kann defensive system"]
[ECO "A11"]
[NIC "EO.64"]
[Time "15:09:27"]
[TimeControl "180+0"]

1. c4 c6 2. g3 d5 3. cxd5 cxd5 4. Bg2 Nf6 5. Nc3 e6 6. d4 Bd6 7. Nf3 O-O 8.
O-O a6 9. Bg5 Nbd7 10. e4 dxe4 11. Nxe4 Be7 12. Nxf6+ Nxf6 13. Rc1 Nd5 14.
Bxe7 Qxe7 15. Ne5 Qd6 16. a3 Bd7 17. Rc2 Rac8 18. Nc4 Qc6 19. Qd2 b5 20. Ne3
Qd6 21. Rfc1 Rxc2 22. Nxc2 Rc8 23. Bxd5 Qxd5 24. Ne3 Qf3 25. Rxc8+ Bxc8 26.
Qa5 g6 27. Qd8+ Kg7 28. Qxc8 Qe2 29. Qxa6 Qxb2 30. a4 bxa4 31. Qxa4 Qb1+ 32.
Kg2 Qe4+ 33. Kg1 Qb1+ 34. Qd1 Qe4 35. Qe2 h6 36. f3 Qxd4 37. Kg2 f6 38. Ng4
h5 39. Ne3 f5 40. Qf2 Qxe3 {White forfeits on time} 0-1

[Event "ICCopen2016"]
[Site "Internet Chess Club"]
[Date "2016.06.04"]
[Round "7"]
[White "Mormegil"]
[Black "queenfish"]
[Result "1-0"]
[ICCResult "Black checkmated"]
[WhiteElo "1653"]
[BlackElo "1886"]
[Opening "Réti: Wade defense"]
[ECO "A04"]
[NIC "QP.11"]
[Time "15:10:41"]
[TimeControl "180+0"]

1. Nf3 d6 2. e4 Bg4 3. d4 Nd7 4. c4 e5 5. d5 Nc5 6. Bd3 a5 7. Nc3 Be7 8. Be3
Nxd3+ 9. Qxd3 Bxf3 10. gxf3 Bg5 11. h4 Bxe3 12. fxe3 Nf6 13. O-O-O Ke7 14.
f4 Nd7 15. Rdf1 f6 16. fxe5 Nxe5 17. Qe2 c6 18. Rhg1 Rg8 19. h5 Rc8 20. Kb1
Qb6 21. h6 g6 22. Rg2 Qc5 23. b3 b5 24. dxc6 Rxc6 25. Nd5+ Kd8 26. Nxf6 Rf8
27. Nxh7 Rxf1+ 28. Qxf1 bxc4 29. Qf8+ Kc7 30. Rc2 c3 31. Nf6 Nd3 32. h7 Nb4
33. h8=Q Nxc2 34. Qb8# {Black checkmated} 1-0

[Event "ICCopen2016"]
[Site "Internet Chess Club"]
[Date "2016.06.04"]
[Round "7"]
[White "A4-H5"]
[Black "Dodgy"]
[Result "0-1"]
[ICCResult "White forfeits on time"]
[WhiteElo "1784"]
[BlackElo "2061"]
[Opening "English, Nimzovich variation"]
[ECO "A20"]
[NIC "EO.25"]
[Time "15:09:30"]
[TimeControl "180+0"]

1. c4 e5 2. Nf3 Nc6 3. d4 Nf6 4. d5 e4 5. dxc6 exf3 6. cxd7+ Bxd7 7. gxf3
Bb4+ 8. Bd2 Bc5 9. Nc3 h5 10. Rg1 g6 11. Bg5 Bb4 12. Qb3 c5 13. O-O-O Qb6
14. Bxf6 Qxf6 15. Nd5 Qe5 16. f4 Qd6 17. Nxb4 Qxf4+ 18. e3 Qxf2 19. Nd5 Qxg1
20. Nf6+ Kf8 21. Nxd7+ Kg7 22. Qc3+ Kh6 23. e4 Qg5+ 24. Qd2 Rhd8 25. Qxg5+
Kxg5 26. Nxc5 Rxd1+ 27. Kxd1 b6 28. Nb3 Re8 29. Bd3 Kh4 30. Kd2 Kh3 31. c5
bxc5 32. Nxc5 Kxh2 33. b4 Kg3 34. a4 h4 35. Bf1 g5 36. Ke3 g4 37. Bb5 Rc8
38. Bd7 Rc7 39. Bf5 h3 40. Nd3 h2 {White forfeits on time} 0-1

[Event "ICCopen2016"]
[Site "Internet Chess Club"]
[Date "2016.06.04"]
[Round "7"]
[White "Zebbile"]
[Black "manta2"]
[Result "1-0"]
[ICCResult "Black forfeits on time"]
[WhiteElo "1756"]
[BlackElo "1128"]
[Opening "Réti: Pirc-Lisitsin gambit"]
[ECO "A04"]
[NIC "HD.13"]
[Time "15:10:31"]
[TimeControl "180+0"]

1. Nf3 f5 2. e4 fxe4 3. Ng5 d5 4. d3 e6 5. dxe4 Be7 6. exd5 Qxd5 7. Qxd5
exd5 8. Nc3 c6 9. Bd3 g6 10. O-O d4 11. Nce4 Bf5 12. Re1 Bxe4 13. Rxe4 Nf6
14. Re1 Kd7 15. Nf7 Rf8 16. Ne5+ Kc8 17. Nxg6 hxg6 18. Rxe7 Nbd7 19. Bh6 Rd8
20. Bxg6 Ng4 21. Bf4 Ngf6 22. Bf5 {Black forfeits on time} 1-0

[Event "ICCopen2016"]
[Site "Internet Chess Club"]
[Date "2016.06.04"]
[Round "7"]
[White "paulohaddad"]
[Black "MasterDanielX"]
[Result "1-0"]
[ICCResult "Black forfeits on time"]
[WhiteElo "1692"]
[BlackElo "1944"]
[Opening "Queen's pawn: Torre attack"]
[ECO "A46"]
[NIC "QP.04"]
[Time "15:09:14"]
[TimeControl "180+0"]

1. d4 Nf6 2. Nf3 e6 3. Bg5 d5 4. Nbd2 Bd6 5. e3 c6 6. Bd3 Nbd7 7. c3 e5 8.
dxe5 Nxe5 9. Nxe5 Bxe5 10. Nf3 Bg4 11. h3 Bxf3 12. Qxf3 h6 13. Bh4 g5 14.
Bg3 Bxg3 15. Qxg3 Qe7 16. O-O-O Ne4 17. Bxe4 Qxe4 18. Rd4 Qe6 19. h4 gxh4
20. Rdxh4 O-O-O 21. Qf4 Rdg8 22. Rxh6 Rxh6 23. Rxh6 Rg6 24. Rh8+ Kd7 25. Qb8
Qe7 26. Qxb7+ Kd6 27. Qb8+ Kd7 28. Qxa7+ Ke6 29. Qxe7+ Kxe7 30. g3 Rf6 31.
f4 Re6 32. Kd2 Rg6 33. Rh3 Kd6 34. a4 c5 35. b3 d4 36. cxd4 cxd4 37. e4 Kc5
38. Kd3 Kb4 39. Kxd4 {Black forfeits on time} 1-0

[Event "ICCopen2016"]
[Site "Internet Chess Club"]
[Date "2016.06.04"]
[Round "7"]
[White "OparinGrigoriy"]
[Black "Parsifal"]
[Result "1-0"]
[ICCResult "Black resigns"]
[WhiteElo "2789"]
[BlackElo "2354"]
[Opening "Sicilian: Taimanov variation"]
[ECO "B45"]
[NIC "SI.39"]
[Time "15:10:00"]
[TimeControl "180+0"]

1. e4 c5 2. Nf3 e6 3. d4 cxd4 4. Nxd4 Nc6 5. Nc3 d6 6. Be3 Nge7 7. Nb3 a6 8.
Qd2 b5 9. O-O-O Ng6 10. f4 Bd7 11. g3 Rb8 12. h4 Be7 13. h5 Nf8 14. Kb1 h6
15. g4 Nh7 16. Bg2 Qc7 17. Nd4 Na5 18. b3 Rc8 19. Nce2 Nb7 20. g5 Nc5 21.
Ng3 Nf8 22. Rhf1 hxg5 23. fxg5 g6 24. h6 Nh7 25. Rc1 Qd8 26. Nf3 e5 27. Rf2
Ne6 28. Rcf1 Rf8 29. Bh3 Nexg5 30. Bxd7+ Kxd7 31. Nxe5+ Ke8 32. Nd3 Ne6 33.
Ne2 d5 34. exd5 Qxd5 35. Nef4 Nxf4 36. Bxf4 f6 37. Re2 Kf7 38. Ne5+
{Black resigns}
1-0

[Event "ICCopen2016"]
[Site "Internet Chess Club"]
[Date "2016.06.04"]
[Round "7"]
[White "victor22224444"]
[Black "chessrex"]
[Result "1-0"]
[ICCResult "Black forfeits on time"]
[WhiteElo "2360"]
[BlackElo "1940"]
[Opening "Philidor: Philidor counter-gambit, Zukertort variation"]
[ECO "C41"]
[NIC "KP.10"]
[Time "15:09:43"]
[TimeControl "180+0"]

1. e4 e5 2. Nf3 d6 3. Nc3 f5 4. d4 fxe4 5. Nxe4 d5 6. Nxe5 dxe4 7. Qh5+ g6
8. Nxg6 Nf6 9. Qe5+ Kf7 10. Nxh8+ Kg7 11. Bc4 Kxh8 12. c3 Nc6 13. Qg3 Bd6
14. Qh4 Bf5 15. Bg5 Be7 16. O-O Ng8 17. Bxe7 Ncxe7 18. Rae1 Qd6 19. f3 Ng6
20. Qh5 Bd7 21. fxe4 Rf8 22. e5 Rxf1+ 23. Rxf1 Qc6 24. Rf7 Nf8 25. Bd3 Qh6
26. Qxh6 Nxh6 27. Rxf8+ Kg7 28. Rb8 Bc6 29. a4 a6 30. Rc8 Ng4 31. Rxc7+ Kh6
32. Be2 Ne3 33. Bf3 Bxa4 34. Rxb7 Kg5 35. e6 Kf6 36. e7 Kf7 37. Bh5+ Kf6 38.
e8=Q Bxe8 39. Bxe8 Nd1 40. Rxh7 Nxb2 41. Rf7+ Ke6 42. h4 Nc4 43. h5 Nd6 44.
Rf8 Ke7 45. Rh8 Nxe8 46. Rxe8+ Kxe8 47. Kf2 a5 48. Ke2 a4 49. Kd2 a3 50. Kc2
a2 51. Kb2 Kf7 52. Kxa2 Kf6 53. g4 Kg5 54. Kb3 Kxg4 55. h6 Kg5 56. h7 Kg6
57. h8=Q Kf5 58. Qe8 Kf4 59. Qe7 Kf3 60. Qe6 Kf2 61. d5 {Black forfeits on
time} 1-0

[Event "ICCopen2016"]
[Site "Internet Chess Club"]
[Date "2016.06.04"]
[Round "7"]
[White "gmgattass"]
[Black "Tal-Baron"]
[Result "1-0"]
[ICCResult "Black forfeits on time"]
[WhiteElo "2269"]
[BlackElo "2734"]
[Opening "Ruy Lopez: Anderssen variation"]
[ECO "C77"]
[NIC "RL.12"]
[Time "15:09:38"]
[TimeControl "180+0"]

1. e4 e5 2. Nf3 Nc6 3. Bb5 a6 4. Ba4 Nf6 5. d3 b5 6. Bb3 Be7 7. O-O d6 8. c3
O-O 9. Nbd2 Na5 10. Bc2 c5 11. b4 cxb4 12. cxb4 Nc6 13. a3 d5 14. Re1 Bg4
15. h3 Bh5 16. Bb2 dxe4 17. dxe4 Nd7 18. Nf1 Re8 19. Ng3 Bg6 20. Bb3 Bf6 21.
Rc1 Rc8 22. Qe2 Nb6 23. Red1 Qe7 24. Qe3 Qb7 25. h4 h6 26. h5 Bh7 27. Rd6
Be7 28. Rd2 Bf6 29. Rd6 Be7 30. Rd3 Bf6 31. Rcd1 Nc4 32. Bxc4 bxc4 33. Rd7
Qb5 34. Bc3 Nd4 35. Rd5 Nxf3+ 36. Qxf3 Qa4 37. Rd6 Rcd8 38. Rxd8 Rxd8 39.
Rxd8+ Bxd8 40. Bxe5 Be7 41. Qc3 Qd1+ 42. Kh2 Bh4 43. Bxg7 Bxg3+ 44. Kxg3
Bxe4 45. Bxh6 Qd3+ 46. Qxd3 Bxd3 47. Bd2 Kh7 48. Bc3 Kh6 49. Kh4 f5 50. g3
Kh7 51. f3 Be2 52. g4 Bxf3 53. g5 Be4 54. g6+ Kg8 55. Kg5 f4 56. Kxf4 Bxg6
57. hxg6 {Black forfeits on time} 1-0

[Event "ICCopen2016"]
[Site "Internet Chess Club"]
[Date "2016.06.04"]
[Round "7"]
[White "MorningRunner"]
[Black "HuevosDeLeon"]
[Result "0-1"]
[ICCResult "White resigns"]
[WhiteElo "2158"]
[BlackElo "2676"]
[Opening "Alekhine's defense: modern, Larsen variation"]
[ECO "B04"]
[NIC "AL.05"]
[Time "15:10:27"]
[TimeControl "180+0"]

1. e4 Nf6 2. e5 Nd5 3. Nf3 d6 4. d4 dxe5 5. Nxe5 c6 6. Be2 Bf5 7. O-O Nd7 8.
Nf3 e6 9. c4 N5f6 10. Be3 Ne4 11. Bd3 Qf6 12. Qc2 Nd6 13. Nbd2 Qg6 14. Bxf5
Nxf5 15. Qe4 Nf6 16. Qd3 Ng4 17. Bf4 Ng3 18. Qxg6 Ne2+ 19. Kh1 hxg6 20. Be3
Nxe3 21. fxe3 Ng3+ 22. Kg1 Nxf1 23. Kxf1 Bd6 24. g3 g5 25. Kg2 g4 26. Ng5
Ke7 27. Nge4 Bb4 28. Nf1 f5 29. Ng5 Kf6 30. h4 gxh3+ 31. Nxh3 Bd6 32. Nd2
Rh6 33. e4 Rah8 34. Rh1 Bb4 35. e5+ Kf7 36. Nf3 Be7 37. Nfg5+ Bxg5 38. Nxg5+
Ke7 39. Rxh6 gxh6 40. Nf3 Rg8 41. Kf2 Rg4 42. Nh4 h5 43. Ng2 Rxd4
{White resigns}
0-1

[Event "ICCopen2016"]
[Site "Internet Chess Club"]
[Date "2016.06.04"]
[Round "7"]
[White "TURNER"]
[Black "UltimateR3cruit"]
[Result "1-0"]
[ICCResult "Black forfeits on time"]
[WhiteElo "1822"]
[BlackElo "1478"]
[Opening "KP: Nimzovich defense"]
[ECO "B00"]
[NIC "VO.04"]
[Time "15:09:23"]
[TimeControl "180+0"]

1. e4 Nc6 2. Bc4 e6 3. Nc3 Bb4 4. Nge2 a6 5. O-O Nge7 6. d4 d5 7. Bd3 Bxc3
8. bxc3 Ng6 9. e5 Bd7 10. Ba3 Nce7 11. Rb1 b6 12. f4 Nf5 13. Qd2 Nge7 14. g4
Nh4 15. Qe1 Nhg6 16. Qg3 Bc6 17. h4 Qd7 18. h5 Nf8 19. Qh4 Bb5 20. Ng3 Bxd3
21. cxd3 g6 22. f5 h6 23. f6 Nc6 24. hxg6 Nxg6 25. Qh2 O-O-O 26. Nh5 Rdg8
27. Kh1 Na5 28. Ng7 Qa4 29. Qb2 h5 30. g5 h4 31. Qb4 Qc2 32. Rb2 Qxd3 33. c4
Nf4 34. cxd5 Qe4+ 35. Kh2 Qg2+ 36. Rxg2 Nxg2 37. Kxg2 h3+ 38. Kh2 Rxg7 39.
fxg7 Rg8 40. Rxf7 Rxg7 41. Rxg7 Kb7 42. Rf7 exd5 43. Qe7 Nc4 44. Qxc7+
{Black forfeits on time}
1-0

[Event "ICCopen2016"]
[Site "Internet Chess Club"]
[Date "2016.06.04"]
[Round "7"]
[White "Maxbet"]
[Black "Bochkarev"]
[Result "1/2-1/2"]
[ICCResult "Game drawn by repetition"]
[WhiteElo "2901"]
[BlackElo "2800"]
[Opening "Queen's pawn game"]
[ECO "A46"]
[NIC "QP.05"]
[Time "15:09:29"]
[TimeControl "180+0"]

1. d4 Nf6 2. Nf3 e6 3. Bf4 d5 4. e3 Bd6 5. Bg3 O-O 6. Nbd2 c5 7. c3 Nc6 8.
Bb5 Ne7 9. dxc5 Bxc5 10. Bd3 Ng6 11. e4 dxe4 12. Nxe4 Be7 13. Qe2 Nd5 14.
Bc2 f5 15. Ned2 f4 16. Bxg6 hxg6 17. O-O-O fxg3 18. hxg3 Bf6 19. Ne4 Qa5 20.
Kb1 Bd7 21. c4 Bc6 22. cxd5 Bxd5 23. a3 Rac8 24. Nxf6+ gxf6 25. Nh4 Qa4 26.
Ka1 Rc2 27. Qd3 Be4 28. Qd6 Qc6 29. Qe7 Rxb2 30. Nf5 Ra2+ 31. Kxa2 Qc2+ 32.
Ka1 Qc3+ 33. Ka2 Qc2+ 34. Ka1 Qc3+ 35. Ka2 Qc2+ 36. Ka1 Qc3+ 37. Ka2 Qc2+
38. Ka1 Qc3+ 39. Ka2 Qc2+ 40. Ka1 Qc3+ 41. Ka2 Qc2+ 42. Ka1 Qc3+ 43. Ka2
Qc2+ 44. Ka1 Qc3+ 45. Ka2 Qc2+ 46. Ka1 Qc3+ 47. Ka2 Qc2+ 48. Ka1 Qc3+ 49.
Ka2 Qc2+ 50. Ka1 Qc3+ 51. Ka2 {Game drawn by repetition} 1/2-1/2

[Event "ICCopen2016"]
[Site "Internet Chess Club"]
[Date "2016.06.04"]
[Round "7"]
[White "Art"]
[Black "CrossShark"]
[Result "0-1"]
[ICCResult "White checkmated"]
[WhiteElo "2177"]
[BlackElo "2605"]
[Opening "French: Tarrasch, closed variation, main line"]
[ECO "C06"]
[NIC "FR.17"]
[Time "15:09:27"]
[TimeControl "180+0"]

1. e4 e6 2. d4 d5 3. Nd2 Nf6 4. e5 Nfd7 5. c3 c5 6. Bd3 Nc6 7. Ne2 cxd4 8.
cxd4 f6 9. exf6 Nxf6 10. Nf3 Bd6 11. O-O Qc7 12. Bg5 O-O 13. Bh4 Nh5 14. Qc2
h6 15. Bh7+ Kh8 16. Bg6 Rxf3 17. Bxh5 Rf5 18. Bg4 Bxh2+ 19. Kh1 Bd6 20. Bxf5
exf5 21. Rae1 Qf7 22. Nc3 f4 23. Qb3 Qh5 24. Qxd5 Qxh4+ 25. Kg1 Qd8 26. Nb5
Be7 27. Qxd8+ Bxd8 28. Re8+ Kh7 29. d5 Bd7 30. Rf8 Ne5 31. Nd6 Rb8 32. Re1
Bc7 33. Rxb8 Bxb8 34. Ne4 f3 35. g3 Bf5 36. Nc3 a6 37. b3 Bd6 38. Ne4 Bxe4
39. Rxe4 Kg6 40. Rf4 Be7 41. Re4 Kf5 42. Ra4 Bd6 43. Ra5 Ke4 44. Ra4+ Kxd5
45. Rf4 Ke6 46. Re4 g5 47. Re1 Kf5 48. Kh2 Bc5 49. Kg1 Ng4 50. Rd1 Bxf2+ 51.
Kf1 Bxg3 52. Rd8 Ne3+ 53. Kg1 f2+ 54. Kh1 f1=Q# {White checkmated} 0-1

[Event "ICCopen2016"]
[Site "Internet Chess Club"]
[Date "2016.06.04"]
[Round "7"]
[White "maly"]
[Black "TIGRANO"]
[Result "1-0"]
[ICCResult "Black resigns"]
[WhiteElo "2482"]
[BlackElo "3079"]
[Opening "Modern defense"]
[ECO "A40"]
[NIC "QO.17"]
[Time "15:09:47"]
[TimeControl "180+0"]

1. d4 g6 2. Nf3 Bg7 3. c3 d6 4. Bf4 Nf6 5. h3 O-O 6. e3 Nbd7 7. Nbd2 Re8 8.
Bh2 e5 9. dxe5 dxe5 10. Be2 e4 11. Nd4 a6 12. O-O Ne5 13. Qc2 c5 14. N4b3 b6
15. Rfd1 Bb7 16. Nc4 Nd3 17. Nd6 Bc6 18. Nxe8 Qxe8 19. Bxd3 exd3 20. Qxd3
Ne4 21. Qe2 h5 22. Nd2 Ng5 23. Bf4 Ne6 24. Bg3 Bf6 25. Nf3 h4 26. Nxh4 Bxh4
27. Bxh4 Nf4 28. Qg4 Nxg2 29. Bf6 Qe4 30. Qxe4 Bxe4 31. Rd6 Kh7 32. Kh2 g5
33. Bxg5 Rg8 34. h4 Kg7 35. Rg1 f6 36. Rxf6 {Black resigns} 1-0

[Event "ICCopen2016"]
[Site "Internet Chess Club"]
[Date "2016.06.04"]
[Round "7"]
[White "Skeptic1972"]
[Black "expiando"]
[Result "0-1"]
[ICCResult "White forfeits on time"]
[WhiteElo "1369"]
[BlackElo "1996"]
[Opening "English opening"]
[ECO "A05"]
[NIC "QP.11"]
[Time "15:09:25"]
[TimeControl "180+0"]

1. Nf3 Nf6 2. c4 g6 3. b4 Bg7 4. Bb2 O-O 5. g3 d6 6. Bg2 Nbd7 7. O-O e5 8.
d3 Re8 9. Nc3 a5 10. a3 e4 11. Nxe4 Nxe4 12. Bxg7 Nxf2 13. Rxf2 Kxg7 14. Qd2
axb4 15. Qb2+ Qf6 16. Nd4 Qe5 17. Raf1 f6 18. axb4 c5 19. bxc5 dxc5 20. Nf5+
gxf5 21. Qb5 Qd4 22. Kh1 Ra1 23. Rxf5 Rxf1+ 24. Bxf1 b6 25. Qc6 Qe3 26. Rf3
Qe6 27. Qc7 Qe5 28. Qc6 Nf8 29. Kg1 Qe7 30. Rxf6 Bb7 31. Qxb6 Qxf6 32. Qxb7+
Re7 33. Qf3 Qxf3 34. exf3 Ne6 35. Kf2 Nd4 36. f4 Kf6 37. Bg2 Ra7 38. Be4
Ra2+ 39. Ke3 h6 40. g4 Rxh2 41. g5+ hxg5 42. fxg5+ Kxg5 43. Bd5 Rh4 44. Kd2
Kf4 45. Kc3 Rh2 {White forfeits on time} 0-1

[Event "ICCopen2016"]
[Site "Internet Chess Club"]
[Date "2016.06.04"]
[Round "7"]
[White "Saniser"]
[Black "B-Alqudaimi"]
[Result "1-0"]
[ICCResult "Black forfeits on time"]
[WhiteElo "1731"]
[BlackElo "2405"]
[Opening "Ruy Lopez: fianchetto defense deferred"]
[ECO "C70"]
[NIC "RL.09"]
[Time "15:09:19"]
[TimeControl "180+0"]

1. e4 e5 2. Nf3 Nc6 3. Bb5 a6 4. Ba4 g6 5. O-O Bg7 6. c3 Nge7 7. d4 O-O 8.
Re1 d6 9. Be3 exd4 10. cxd4 d5 11. Nbd2 dxe4 12. Nxe4 Bg4 13. Nc3 b5 14. Bb3
Nf5 15. Bd5 Ncxd4 16. Bxa8 Qxa8 17. Bxd4 Nxd4 18. Ne4 f5 19. Neg5 Rd8 20.
Kh1 h6 21. Ne6 Bxf3 22. gxf3 Nxe6 23. Qb3 Qd5 24. Rxe6 Bxb2 25. Rb1 Qxb3 26.
axb3 Kf7 27. Rxa6 Bd4 28. Rc6 Bb6 29. Rbc1 Rd3 30. Kg2 Rxb3 31. Rd1 Rb2 32.
Rd7+ Ke8 33. Rh7 Rxf2+ 34. Kg3 Rf1 35. Kf4 g5+ 36. Kxf5 Rxf3+ 37. Kg6 Re3
38. Rf6 b4 39. Rff7 b3 40. Rfg7 Kd8 41. Rg8+ Re8 42. Rgg7 Kc8 43. Rd7 b2 44.
Rd1 Be3 45. Rb1 Bc1 46. Kxh6 Rd8 47. Kg6 Rd6+ 48. Kf5 Kb7 49. Re7 Ra6 50.
Re1 Ra1 51. Rexc1 Rxb1 52. Rxb1 c5 53. Rxb2+ Kc6 54. Kxg5 c4 55. Kf4 c3 56.
Rc2 {Black forfeits on time} 1-0

[Event "ICCopen2016"]
[Site "Internet Chess Club"]
[Date "2016.06.04"]
[Round "7"]
[White "B-Amin"]
[Black "Peretyatko"]
[Result "1-0"]
[ICCResult "Black checkmated"]
[WhiteElo "2940"]
[BlackElo "2754"]
[Opening "Scandinavian (center counter) defense"]
[ECO "B01"]
[NIC "SD.02"]
[Time "15:09:35"]
[TimeControl "180+0"]

1. e4 d5 2. exd5 Qxd5 3. Nc3 Qd8 4. d4 Nf6 5. Nf3 Bg4 6. h3 Bxf3 7. Qxf3 c6
8. Be3 e6 9. O-O-O Bb4 10. Ne4 Nxe4 11. Qxe4 Qd5 12. Bd3 Qxe4 13. Bxe4 Nd7
14. a3 Be7 15. c4 Nf6 16. Bd3 O-O 17. Kc2 Rfd8 18. g4 Rac8 19. b4 a6 20. g5
Ne8 21. h4 Nd6 22. Kb3 g6 23. h5 Bf8 24. a4 Rd7 25. c5 Nf5 26. Bxf5 gxf5 27.
h6 f6 28. gxf6 Kf7 29. Bf4 Kxf6 30. Be5+ Kf7 31. Rdg1 Rcd8 32. Kc4 Rd5 33.
f4 Rc8 34. Rg2 a5 35. b5 b6 36. cxb6 cxb5+ 37. Kd3 Rd7 38. axb5 Rb7 39. Bc7
a4 40. Rhg1 Bxh6 41. Rh1 Bf8 42. Rxh7+ Ke8 43. Rg8 a3 44. Rxf8+ Kxf8 45.
Bd6+ Kg8 46. Rxb7 Rc1 47. Ra7 Rd1+ 48. Kc2 Rf1 49. b7 Rf2+ 50. Kc3 Kf7 51.
b8=Q+ Kg6 52. Qg8+ Kh5 53. Rh7# {Black checkmated} 1-0

[Event "ICCopen2016"]
[Site "Internet Chess Club"]
[Date "2016.06.04"]
[Round "7"]
[White "Astigmatist"]
[Black "pulpocybort"]
[Result "1-0"]
[ICCResult "Black checkmated"]
[WhiteElo "1987"]
[BlackElo "1646"]
[Opening "Sicilian: Nimzovich-Rossolimo attack (with ...g6, without ...d6)"]
[ECO "B31"]
[NIC "SI.31"]
[Time "15:09:28"]
[TimeControl "180+0"]

1. e4 c5 2. Nf3 Nc6 3. Bb5 g6 4. O-O Bg7 5. c3 d6 6. d4 cxd4 7. cxd4 Bd7 8.
Nc3 Nf6 9. h3 O-O 10. Re1 a6 11. Bd3 b5 12. e5 dxe5 13. dxe5 Ne8 14. Bf4 Be6
15. Ne4 Nb4 16. Bb1 Nd5 17. Bg3 Qb6 18. Nd4 Bf5 19. Nxf5 gxf5 20. Ng5 Nec7
21. Bxf5 h6 22. Qh5 Ne6 23. Nf3 Nef4 24. Qg4 Ng6 25. Be4 Rad8 26. Rad1 Nc7
27. Nh4 Nxh4 28. Bxh4 Rxd1 29. Rxd1 Ne6 30. Bxe7 Re8 31. Bf6 Ng5 32. Bxg7
Kxg7 33. h4 Rxe5 34. hxg5 Rxg5 35. Qf3 Rc5 36. Rd7 Qe6 37. Qg3+ Kf8 38. Rd4
Rc1+ 39. Kh2 Qf6 40. Rb4 Qe7 41. Qf4 Qxb4 42. Qxh6+ Ke7 43. Qxc1 Qd6+ 44. g3
Qe5 45. Qe3 Qxb2 46. Bd5+ Kf8 47. Bb3 Qh8+ 48. Kg2 Qa1 49. Qf4 Qc3 50. Qxf7#
{Black checkmated}
1-0

[Event "ICCopen2016"]
[Site "Internet Chess Club"]
[Date "2016.06.04"]
[Round "7"]
[White "Lucas"]
[Black "blitzmaniac"]
[Result "0-1"]
[ICCResult "White forfeits on time"]
[WhiteElo "2324"]
[BlackElo "2800"]
[Opening "Old Indian defense"]
[ECO "A42"]
[NIC "OI.07"]
[Time "15:09:47"]
[TimeControl "180+0"]

1. d4 d6 2. c4 e5 3. Nf3 e4 4. Nfd2 f5 5. e3 Nf6 6. b3 Be7 7. Bb2 O-O 8. d5
c5 9. Nc3 Nbd7 10. Ne2 Ne5 11. Nf4 Bd7 12. h4 Nfg4 13. g3 Bf6 14. Qc2 a6 15.
Be2 b5 16. O-O Bxh4 17. Bxe5 dxe5 18. Ng2 Be7 19. Bxg4 fxg4 20. Qxe4 Bf5 21.
Qxe5 Bd3 22. Rfe1 Bf6 23. Qe6+ Kh8 24. Rad1 Bc3 25. Qxg4 Qa5 26. Nf1 Bxe1
27. Rxe1 bxc4 28. bxc4 Qxa2 29. Nf4 Qxc4 30. Rd1 Bxf1 31. Rxf1 Qe4 32. Rd1
a5 33. d6 a4 34. d7 a3 35. Qh4 Rad8 36. Qh5 Qc2 37. e4 Qxe4 38. Qxc5 g5 39.
Qxf8+ Rxf8 40. d8=Q Rxd8 41. Rxd8+ Kg7 42. Nh5+ Kf7 43. Rg8 Qe1+ 44. Kg2
Kxg8 {White forfeits on time} 0-1

[Event "ICCopen2016"]
[Site "Internet Chess Club"]
[Date "2016.06.04"]
[Round "7"]
[White "catman"]
[Black "WhiteMoon"]
[Result "0-1"]
[ICCResult "White forfeits on time"]
[WhiteElo "1822"]
[BlackElo "2087"]
[Opening "Benoni defense"]
[ECO "A65"]
[NIC "BI.37"]
[Time "15:09:20"]
[TimeControl "180+0"]

1. d4 Nf6 2. c4 c5 3. d5 e6 4. Nc3 exd5 5. cxd5 g6 6. e4 d6 7. Bg5 Bg7 8. f3
O-O 9. Qd2 a6 10. a4 Nbd7 11. Nh3 Re8 12. Be2 Qc7 13. O-O Rb8 14. Nf2 c4 15.
Rfc1 b5 16. b4 Qb7 17. Be3 bxa4 18. Rxa4 Nb6 19. Raa1 Bd7 20. Rab1 Bb5 21.
Nxb5 axb5 22. Nd1 Nfd7 23. Nc3 Nc8 24. Ra1 Ne5 25. Bd4 Qd7 26. Kh1 h5 27. f4
Ng4 28. Bxg7 Kxg7 29. Qd4+ Kg8 30. h3 Nh6 31. Bf3 Ne7 32. Ra7 Rb7 33. Rca1
Reb8 34. R1a5 Rxa7 35. Rxa7 Rb7 36. Rxb7 Qxb7 37. e5 Nc8 38. e6 Qe7 39. Nxb5
f6 40. Qxc4 Nb6 41. Qc7 Qxc7 42. Nxc7 Kf8 43. b5 Ng8 44. Be4 Ne7 45. Kg1 f5
46. Bf3 Kg7 47. Kf2 Kf6 48. Ke3 g5 49. Kd4 g4 50. hxg4 hxg4 51. Be2 Na4 52.
g3 Nb6 53. Bd3 Ng6 54. e7 Nxe7 55. Ne6 Nexd5 56. Ng5 Nxf4 57. Bxf5 Kxf5 58.
gxf4 Kxf4 59. Ne6+ Kf3 60. Nc7 Kf2 61. Nd5 Na4 62. Nb6 Nxb6
{White forfeits on time}
0-1

[Event "ICCopen2016"]
[Site "Internet Chess Club"]
[Date "2016.06.04"]
[Round "7"]
[White "Peaceful-Death"]
[Black "PomaG12"]
[Result "1-0"]
[ICCResult "Black forfeits on time"]
[WhiteElo "1804"]
[BlackElo "1468"]
[Opening "French defense"]
[ECO "C00"]
[NIC "FR.01"]
[Time "15:10:03"]
[TimeControl "180+0"]

1. e4 e6 2. Nf3 d5 3. exd5 exd5 4. d4 Nf6 5. Bd3 Bd6 6. O-O O-O 7. h3 h6 8.
b3 b6 9. Bb2 Bb7 10. Nbd2 Nbd7 11. Rc1 Rc8 12. c4 dxc4 13. Nxc4 Bf4 14. Rc2
Nd5 15. a3 Re8 16. Bf5 g6 17. Bxd7 Qxd7 18. Nce5 Bxe5 19. Nxe5 Qf5 20. Qc1
Nf4 21. f3 f6 22. Ng4 Kg7 23. Rxc7+ Kf8 24. Qc4 Ne2+ 25. Kh1 Ng3+ 26. Kg1
Bd5 27. Qb4+ Kg8 28. Nxh6+ Kh8 29. Nxf5 gxf5 30. Rxc8 Rxc8 31. Re1
{Black forfeits on time}
1-0

[Event "ICCopen2016"]
[Site "Internet Chess Club"]
[Date "2016.06.04"]
[Round "7"]
[White "totus"]
[Black "Dinamit"]
[Result "0-1"]
[ICCResult "White forfeits on time"]
[WhiteElo "2375"]
[BlackElo "2685"]
[Opening "Benko's opening"]
[ECO "A00"]
[NIC "VO.09"]
[Time "15:09:18"]
[TimeControl "180+0"]

1. g3 Nf6 2. Bg2 d5 3. d3 g6 4. Nf3 Bg7 5. O-O O-O 6. Nbd2 c5 7. e4 Nc6 8.
c3 e6 9. Re1 b6 10. a3 Bb7 11. e5 Nd7 12. d4 f6 13. exf6 Qxf6 14. Nb3 Rae8
15. Bf4 c4 16. Nbd2 h6 17. Qe2 Kh7 18. h4 e5 19. Nxe5 Ncxe5 20. dxe5 Nxe5
21. Bxe5 Rxe5 22. Qf1 b5 23. Rxe5 Qxe5 24. Re1 Qc7 25. Nf3 a5 26. Qe2 b4 27.
axb4 axb4 28. Nd4 Bxd4 29. cxd4 Qg7 30. Qd2 Rf7 31. Re5 Qf8 32. f4 Qd6 33.
Qe3 Kg7 34. Bf3 Rc7 35. Re6 Qd8 36. Qe5+ Kf7 37. h5 Re7 38. hxg6+ Ke8 39.
Qh8+ Kd7 40. Qxd8+ Kxd8 41. Rb6 c3 42. bxc3 bxc3 43. Bd1 Bc8 44. Bc2 Bg4 45.
f5 Re1+ 46. Kf2 Re2+ 47. Kf1 Rxc2 48. g7 Rc1+ 49. Kf2 Rc2+ 50. Kf1 Rc1+ 51.
Kf2 Rc2+ 52. Ke3 Re2+ 53. Kf4 Re8 54. Kxg4 c2 55. Rc6 Ke7 56. Re6+ Kf7 57.
Rxe8 Kxg7 58. Rc8 c1=Q 59. Rxc1 h5+ 60. Kg5 Kf7 61. Kxh5 Kf8
{White forfeits on time}
0-1